Semilg, neutral female human Valkyrie ------ -------- |....--- -------------#########################%..d@.o| |.......# |...........|# |).hhGo| |......|# ##-........[..|# .\..hGo| |......|# ------ # |...........|# |(GGGoG| |......|# |.....#######-%-----.--.--# |.khooo| |......|% |....|###################################### -.------ -----.--# |.....#### # # -.--- ## # --.-|- ### ##### |.... # # ### # ---|-- |.*.| ### ## ### |.<..| ##-...| # #### # # |....| # |...| ### # # -.--- |.....########### |...| # # ### # |.{.-### |....| ----- # ####### # |...| #|....| # -.-.-.--.- |...| ###------ ###|......[.| |...| # #..*..<|..| |>...## ---------- ----- Semilg the Fighter Experience level: 6 Strength: 18/02 Dexterity: 11 Constitution: 18 Intelligence: 10 Wisdom: 9 Charisma: 10 Health: 0(62) Energy: 8(8) Def: 13 Gold: 491 Moves: 2581 Dungeon seed: FEnKvnLDu5S4J1zM Game ID: Semilg_1553446457 Your Inventory: Coins $ - 491 gold pieces Amulets o - an uncursed amulet versus poison (being worn) Weapons a - an uncursed +2 war hammer (weapon in hand) b - a blessed +0 dagger Armor e - an uncursed +3 small shield (being worn) n - an uncursed +0 pair of speed boots q - a blessed +0 pair of low boots (being worn) r - an uncursed +0 banded mail (being worn) N - an uncursed +1 helm of brilliance (being worn) Comestibles D - an uncursed food ration F - 2 uncursed tripe rations H - an uncursed egg Scrolls g - an uncursed scroll of create monster i - 2 uncursed scrolls of magic mapping l - 2 uncursed scrolls of scare monster G - an uncursed scroll of remove curse Spellbooks k - an uncursed spellbook of slow monster C - an uncursed spellbook of detect unseen I - an uncursed spellbook of detect unseen Potions A - an uncursed potion of water B - 3 uncursed potions of hallucination Rings t - an uncursed ring of levitation Wands c - an uncursed wand of cold (0:4) Tools f - an uncursed oil lamp (0:1031) E - an uncursed leash Spells and supernatural/magical abilities: Name Level Category Fail Memory W - pray for help -- divine ? -- Your skills at the end: Miscellaneous Skills shield [Basic] wands [Basic] Weapon Skills dagger [Basic] hammer [Basic] Spellcasting Skills Final Attributes: You were devoutly aligned. You were cold resistant. You were poison resistant. You were somewhat stealthy. You could fly. You are dead. Vanquished creatures: a dog a jaguar 2 bugbears a baby crocodile a fog cloud a shrieker a violet fungus a red naga hatchling a homunculus 2 iguanas 4 rothes a jitterbug 4 dwarf zombies 4 killer bees a hobbit 2 geckos 4 hobgoblins a yellow mold a green mold 2 red molds 6 manes a gnome zombie 6 jackals 3 foxes 2 kobolds 5 newts 6 goblins 2 grid bugs 4 lichens 71 creatures vanquished. Voluntary challenges: You had followed a strict vegan diet until turn 2239. You had followed a strict vegetarian diet until turn 2239. You did not cause conflict. You were not invisible. You did not have reflection. You were not displaced. You used a wielded weapon 85 times, starting on turn 4. You did not apply a unicorn horn. You did not use plumbed fixtures. You did not drink any magical draughts. You read items or engraved 1 time, starting on turn 2168. You never genocided any monsters. You never polymorphed an object. You never changed form. You used no wishes. You never split a pudding. You never wrote Elbereth's name. You never violated your personal moral code. Dungeon overview: The Dungeons of Doom: levels 1 to 8 Level 1 some fountains a long staircase Level 2 a fountain, a sink Level 3 a general store, an altar to Tyr stairs to The Gnomish Mines Level 4 a fountain Level 5 Level 6 many fountains Level 7 <- You were here an altar to Loki, a fountain, a throne stairs to Sokoban Level 8 The Gnomish Mines: Level 4 stairs to The Dungeons of Doom Sokoban: Level 6 a magic chest stairs to The Dungeons of Doom History has recorded: On T:1 you entered the Dungeons of Doom to retrieve the Amulet of Yendor! On T:25 you reached level 2 of The Dungeons of Doom. On T:380 you advanced to experience level 2. On T:508 you reached level 3 of The Dungeons of Doom. On T:744 you reached level 4 of The Dungeons of Doom. On T:759 you reached level 1 of The Gnomish Mines. On T:820 you advanced to experience level 3. On T:1228 you reached level 5 of The Dungeons of Doom. On T:1249 you advanced to experience level 4. On T:1760 you reached level 6 of The Dungeons of Doom. On T:1784 you advanced to experience level 5. On T:2133 you reached level 7 of The Dungeons of Doom. On T:2218 you advanced to experience level 6. On T:2351 you reached level 4 of Sokoban. On T:2480 you reached level 8 of The Dungeons of Doom. Score breakdown: Gold: 491 ( 49 points) Experience: 6 levels ( 500 points) Exploration: 8 levels ( 210 points) Discoveries: 14 items ( 700 points) Variety of kills: 29 monsters ( 1450 points) Major goal: (nothing yet) ( 0 points) Survival: died (score multiplied by 3) Total score: 8727 Latest messages: The carafe crashes on your head and breaks into shards. This burns a lot! @ ªPþ misses the bugbear. The bugbear punches you! The bugbear punches @ ªPþ. You kill the bugbear! The bugbear punches you! You see here a bugbear corpse. The gnome lord misses. The gnomish wizard casts a spell at you! Your brain is on fire! The bugbear punches you! You hit the gnomish wizard! The gnome lord misses. The gnomish wizard reads a scroll labeled PRATYAVAYAH! The bugbear just misses! You hit the bugbear! The hill orc wields an orcish dagger! You hit the bugbear! The gnome lord misses. The bugbear punches you! (2x) You die... Final status: Farvel Semilg the Valkyrie, killed by a bugbear... You died in The Dungeons of Doom on dungeon level 7 with 8727 points, and 491 pieces of gold, after 2581 moves. You were level 6 with a maximum of 62 hit points when you died.